 Dungeon Crawl Stone Soup version 0.18-a0-1782-gb76a692 (webtiles) character file.

90 epen the Distorting Demonspawn (level 4, 0/38 HPs)
             Began as a Demonspawn Abyssal Knight on Apr 17, 2016.
             Was a Believer of Lugonu.
             Killed by nerve-wracking pain
             ... invoked by an orc priest
              (9 damage)
             ... on level 3 of the Dungeon.
             The game lasted 00:03:50 (2165 turns).

epen the Distorting Demonspawn (DsAK)               Turns: 2165, Time: 00:03:51

Health: 0/38       AC:  8    Str: 13    XL:     4   Next: 32%
Magic:  6/6        EV:  5    Int: 14    God:    Lugonu [**....]
Gold:   47         SH:  3    Dex: 12    Spells: 0 memorised, 3 levels left

rFire  . . .     SeeInvis .     a - +2 falchion
rCold  . . .     Gourm    .     r - +0 ring mail
rNeg   . . .     Faith    .     k - +0 buckler
rPois  .         Spirit   .     (helmet restricted)
rElec  .         Dismiss  .     d - +2 cloak
rCorr  .         Reflect  .     (no gloves)
SustAt .         Harm     .     (no boots)
MR     .....                    (no amulet)
Stlth  ++........               (no ring)
                                (no ring)

@: not resistant to hostile enchantments, unstealthy
A: claws 1, horns 1, nightstalker 1, robust 1
a: Depart the Abyss, Bend Space, Renounce Religion


You were on level 3 of the Dungeon.
You worshipped Lugonu.
Lugonu was pleased with you.
You were not hungry.

You visited 1 branch of the dungeon, and saw 3 of its levels.
You visited the Abyss 1 time.

You collected 47 gold pieces.

Inventory:

Hand Weapons
 a - a +2 falchion (weapon)
Armour
 b - a +0 leather armour
 d - a +2 cloak (worn)
 k - a +0 buckler (worn)
 r - a +0 ring mail (worn)
Scrolls
 e - a scroll of enchant weapon
 h - a scroll of remove curse
 i - a scroll of recharging
 m - a scroll of teleportation
Potions
 j - a potion of might {unknown}
 l - a potion of heal wounds {unknown}
Comestibles
 c - 3 bread rations
 g - 3 meat rations
 n - a slice of pizza


   Skills:
 - Level 3.0 Fighting
 * Level 2.6 Long Blades
 - Level 1.7 Armour
 * Level 2.2 Dodging
 + Level 1.0 Shields
 + Level 3.5 Invocations


You had 3 spell levels left.
You didn't know any spells.

Dungeon Overview and Level Annotations

Branches:
Dungeon (3/15)

Altars:
Nemelex Xobeh
Qazlal


Innate Abilities, Weirdness & Mutations

You have sharp fingernails.
You are slightly more attuned to the shadows.
You have a pair of small horns on your head.
You are robust (+10% HP).


Message History

There is a stormy altar of Qazlal here.
There is a stone staircase leading down here.
You climb downwards.
A giant cockroach, 2 orcs and an orc priest come into view.
The orc priest shouts!
Found 12 gold pieces.
There is a stone staircase leading up here.
The orc shouts!
You hit the giant cockroach.
You kill the giant cockroach!
Lugonu accepts your kill.
The orc priest invokes the aid of Beogh against you.
Beogh smites you!
The orc priest calls down the wrath of Beogh upon you.
Beogh smites you!
* * * LOW HITPOINT WARNING * * *
The orc hits you but does no damage. x2
The orc priest invokes the aid of Beogh against you.
Pain shoots through your body!
You die...

#######.
#.......
######....$..
.............
.............
......o......
.....o@......
.............
.............
.o..........#
#############


You could see an orc priest and 2 orcs.

Vanquished Creatures
  3 adders (D:2)
  An ooze (D:2)
  2 worms (D:2)
  2 dart slugs (D:1)
  A giant gecko (D:1)
  A ball python (D:1)
  6 giant cockroaches
  3 goblins
  5 hobgoblins
  2 jackals (D:2)
  9 bats
  2 giant newts
  8 kobolds
  5 rats
50 creatures vanquished.

Notes
Turn   | Place    | Note
--------------------------------------------------------------
     0 | Abyss:1  | epen the Demonspawn Abyssal Knight began the quest for the Orb.
     0 | Abyss:1  | Reached XP level 1. HP: 18/18 MP: 2/2
    95 | Abyss:1  | Noticed an iron imp
    98 | D:1      | Escaped the Abyss
   111 | D:1      | Reached skill level 1 in Dodging
   130 | D:1      | Reached * piety under Lugonu
   259 | D:1      | Gained mutation: You are slightly more attuned to the shadows. [demonic ancestry]
   259 | D:1      | Reached XP level 2. HP: 19/24 MP: 3/3
   897 | D:2      | Gained mutation: You have sharp fingernails. [demonic ancestry]
   897 | D:2      | Reached XP level 3. HP: 29/29 MP: 5/5
   931 | D:2      | HP: 1/29 [worm (5)]
  1319 | D:2      | Found a faded altar to an unknown god.
  1409 | D:2      | Found a stormy altar of Qazlal.
  1410 | D:2      | Noticed an earth elemental
  1410 | D:2      | Noticed an air elemental
  1412 | D:2      | Noticed a water elemental
  1412 | D:2      | Noticed a fire elemental
  1592 | D:2      | Found a sparkling altar of Nemelex Xobeh.
  1608 | D:2      | Reached ** piety under Lugonu
  1650 | D:2      | Reached XP level 4. HP: 35/35 MP: 6/6
  2121 | D:2      | Gained mutation: You are robust (+10% HP). [potion of beneficial mutation]
  2122 | D:2      | Gained mutation: You have a pair of small horns on your head. [potion of beneficial mutation]
  2136 | D:2      | Reached skill level 1 in Shields
  2165 | D:3      | Killed from afar by an orc priest

Vault maps used:
D:1:      dpeg_arrival_stonehenge_8_columns
D:2:      nemelex_xobeh_ov_fountains_minmay, ecumenical_altar_1,
          nicolae_qazlal_style_of_elements
D:3:      first_bread, minmay_misc_feat_hallway

Skill      XL: |  1  2  3  4 |
---------------+-------------+-----
Dodging        | 1 2 |  2.2
Long Blades    | 2 |  2.6
Invocations    | 3 |  3.5
Shields        | 1 |  1.0
Fighting       | |  3.0
Armour         | |  1.7

Action                   |  1- 3 |  4- 6 || total
-------------------------+-------+-------++-------
Melee: Falchion          |   135 |    33 ||   168
       Headbutt          |       |     1 ||     1
Invok: Depart the Abyss  |     1 |       ||     1
  Use: Scroll            |       |    11 ||    11
       Potion            |       |     2 ||     2
 Stab: Sleeping          |     6 |       ||     6
  Eat: Chunk             |     3 |     1 ||     4
Armor: Leather armour    |    60 |     2 ||    62
       Ring mail         |       |    33 ||    33
Dodge: Dodged            |    84 |    29 ||   113
Block: Buckler           |    12 |     8 ||    20
